 Dungeon Crawl Stone Soup version 0.27.1 (webtiles) character file.

Game seed: 9167941548779299009

1079 Rrauwl the Skirmisher (level 8, -2/73 HPs)
             Began as a Purple Draconian Artificer on Aug 24, 2021.
             Was a Priest of the Shining One.
             Engulfed by a cloud of steam (6 damage)
             ... on level 5 of the Dungeon.
             The game lasted 00:21:10 (6836 turns).

Rrauwl the Skirmisher (Purple Draconian Artificer)  Turns: 6836, Time: 00:21:10

Health: -2/73      AC:  7    Str: 15    XL:     8   Next: 8%
Magic:  9/11       EV: 12    Int: 13    God:    the Shining One [***...]
Gold:   212        SH:  7    Dex: 12    Spells: 7/11 levels left

rFire    . . .     SeeInvis .   f - +2 rapier (venom)
rCold    . . .     Faith    .   (no shield)
rNeg     + . .     Spirit   .   (armour unavailable)
rPois    .         Reflect  .   (helmet restricted)
rElec    .         Harm     .   (no cloak)
rCorr    .         Rampage  .   i - +0 pair of gloves
Will     +....                  (no boots)
Stlth    +.........             (no amulet)
HPRegen  0.22/turn              (no ring)
MPRegen  0.12/turn              (no ring)

@: divinely shielded, short of breath, hasted, glowing, very quick
A: breathe power, AC +6, unfitting armour, cold-blooded
a: Breathe Dispelling Energy, Renounce Religion, Divine Shield


You were on level 5 of the Dungeon.
You worshipped the Shining One.
The Shining One was most pleased with you.
You visited 1 branch of the dungeon, and saw 5 of its levels.

You collected 212 gold pieces.

Inventory:

Hand Weapons
 f - a +2 rapier of venom (weapon)
Armour
 i - a +0 pair of gloves (worn)
 k - a +0 tower shield
Jewellery
 j - an amulet of faith
Wands
 c - a wand of charming (7)
Scrolls
 a - a scroll of amnesia
 h - 8 scrolls of identify
Potions
 b - 2 potions of brilliance
Miscellaneous
 d - a piece from Xom's chessboard (5/15)


   Skills:
 + Level 7.6 Fighting
 + Level 2.8 Short Blades
 + Level 3.0 Dodging
 - Level 1.0 Stealth
 + Level 2.3 Spellcasting
 - Level 4.0 Invocations
 - Level 4.0 Evocations


You had 7 spell levels left.
You knew the following spells:

 Your Spells              Type           Power      Damage    Failure   Level
a - Corona                Hex            1%         N/A       24%         1
b - Tukima's Dance        Hex            1%         N/A       58%         3

Your spell library contained the following spells:

 Spells                   Type           Power      Damage    Failure   Level
 Ensorcelled Hibernation  Hex/Ice        2%         N/A       36%         2


Dungeon Overview and Level Annotations

Branches:
Dungeon (5/15)
 Temple: D:4-7

Altars:
The Shining One


Innate Abilities, Weirdness & Mutations

You can breathe bolts of dispelling energy.
Your rich purple scales are hard. (AC +6)
You cannot fit into any form of body armour.
You are cold-blooded and may be slowed by cold attacks.


Message History

* * * LOW HITPOINT WARNING * * *
The steam dragon barely misses you.
You hit the steam dragon.
The steam dragon is poisoned.
The steam dragon is lightly wounded.
The steam dragon closely misses you. The steam dragon completely misses you.
You hit the steam dragon.
The steam dragon looks as sick as possible!
The steam dragon is lightly wounded.
You hit the steam dragon but do no damage.
The steam dragon looks as sick as possible!
The steam dragon is lightly wounded.
You block the steam dragon's attack. The steam dragon barely misses you.
You puncture the steam dragon!
The steam dragon is heavily wounded.
The steam dragon barely misses you. x2
You barely miss the steam dragon. You tail-slap the steam dragon.
The steam dragon is heavily wounded.
The steam dragon breathes steam at you. The ball of steam hits you!
* * * LOW HITPOINT WARNING * * *
Okay, then.
Press: ? - help, Shift-Dir - straight line, f - bullfrog skeleton
Aim: a bullfrog skeleton (severely damaged, haloed)
You breathe a bolt of dispelling energy.
The bolt of dispelling energy hits the steam dragon.
The steam dragon is severely wounded.
The bolt of dispelling energy hits the bullfrog skeleton!
The bullfrog skeleton is almost destroyed.
You are engulfed in a cloud of scalding steam.
The Shining One protects you from harm!
You barely miss the steam dragon.
The steam dragon is severely wounded.
You are engulfed in a cloud of scalding steam.
The Shining One protects you from harm!
The steam dragon bites you but does no damage.
The steam dragon barely misses you.
You puncture the steam dragon!
You kill the steam dragon!
You are engulfed in a cloud of scalding steam.
You die...

..#####....##.##.# #.#
#.#
#...#...#####.##.#####.#
#.#
###.#.#######..........#
#.# #...#
#............#####.#
##.##
#.######.###.......#
#.####.# #.# #######.#
#....#.# #§# #.#
#.###..# #§# #.# #.##
##.# #@# #.# #. #.# #§#
..# #.# ##.# #Z# ..#
##.###.#######..Z.....
..#
#....####...###...<..
#.#.####.....###..... #
#.###....(..# #....
#...........# #... ##
#####.......# ..#


You could see a bullfrog skeleton.

Vanquished Creatures
  Prince Ribbit (D:5)
  A steam dragon (D:5)
  A black bear (D:5)
  A necrophage (D:5)
  2 ogres
  A bullfrog zombie (D:5)
  A hound (D:5)
  An orc priest (D:5)
  Jessica (D:3)
  5 orc wizards
  Natasha (thrice) (D:4)
  A hound skeleton (D:4)
  A gnoll (D:2)
  2 river rats (D:3)
  5 adders
  A white imp (D:3)
  4 ufetubi
  3 worms
  A dart slug (D:1)
  8 orcs
  7 ball pythons
  5 endoplasms
  4 giant cockroaches
  6 goblins
  10 hobgoblins
  4 jackals (D:4)
  6 kobolds
  8 quokkas
  5 bats
  4 frilled lizards
  6 rats
109 creatures vanquished.

Vanquished Creatures (collateral kills)
  3 gnolls (D:3)
  An orc (D:3)
  A bat (D:3)
  A kobold (D:3)
6 creatures vanquished.

Vanquished Creatures (others)
  2 gnolls (D:2)
2 creatures vanquished.

Grand Total: 117 creatures vanquished

Notes
Turn   | Place    | Note
-------+----------+-------------------------------------------
     0 | D:1      | Rrauwl the Draconian Artificer began the quest for the Orb.
     0 | D:1      | Reached XP level 1. HP: 16/16 MP: 1/1
    18 | D:1      | Reached skill level 1 in Stealth
   532 | D:1      | Reached skill level 2 in Fighting
   762 | D:1      | Reached XP level 2. HP: 22/24 MP: 2/2
  1352 | D:1      | Reached skill level 3 in Fighting
  1393 | D:1      | Found a faded altar of an unknown god.
  1403 | D:1      | Became a worshipper of the Shining One
  1403 | D:1      | Reached * piety under the Shining One
  2009 | D:1      | Reached XP level 3. HP: 27/31 MP: 3/3
  2688 | D:2      | Reached skill level 4 in Fighting
  2815 | D:2      | Reached XP level 4. HP: 38/41 MP: 4/4
  3995 | D:3      | Reached skill level 5 in Fighting
  4004 | D:3      | Reached ** piety under the Shining One
  4072 | D:3      | Reached XP level 5. HP: 22/48 MP: 5/5
  4307 | D:3      | Noticed Jessica
  4320 | D:3      | Killed Jessica
  4583 | D:3      | Reached skill level 6 in Fighting
  5155 | D:4      | Noticed an ogre
  5171 | D:4      | Killed an ogre
  5172 | D:4      | Reached skill level 1 in Invocations
  5172 | D:4      | Reached XP level 6. HP: 58/58 MP: 5/7
  5232 | D:4      | Noticed Natasha
  5245 | D:4      | Killed Natasha
  5470 | D:4      | Noticed Natasha
  5479 | D:4      | Killed Natasha
  5692 | D:4      | Noticed Natasha
  5706 | D:4      | Killed Natasha
  6217 | D:5      | Entered Level 5 of the Dungeon
  6229 | D:5      | Reached skill level 7 in Fighting
  6233 | D:5      | Reached skill level 1 in Short Blades
  6313 | D:5      | Your scales start taking on a rich purple colour.
  6313 | D:5      | Reached XP level 7. HP: 60/66 MP: 9/9
  6372 | D:5      | Learned a level 1 spell: Corona
  6376 | D:5      | Learned a level 3 spell: Tukima's Dance
  6408 | D:5      | Reached skill level 1 in Spellcasting
  6474 | D:5      | Reached *** piety under the Shining One
  6589 | D:5      | Noticed Prince Ribbit
  6603 | D:5      | Killed Prince Ribbit
  6650 | D:5      | Reached XP level 8. HP: 72/73 MP: 11/11
  6834 | D:5      | The Shining One protects you from harm!
  6835 | D:5      | The Shining One protects you from harm!
  6836 | D:5      | Engulfed by a cloud of steam

Illustrated notes

Levels and vault maps discovered:
D:1:      matt_arrival_diagonals, layout_basic,
          chequers_ecumenical_altar_simple, roderic_serpentine_path
D:2:      layout_loops_cross
D:3:      layout_basic, gup_sewer_entry_spiral, kennysheep_potato, uniq_jessica
D:4:      layout_layer_cave, uniq_natasha
D:5:      layout_loops_ring, uniq_prince_ribbit1

Skill      XL: |  1  2  3  4  5  6  7  8 |
---------------+-------------------------+-----
Stealth        | 1 |  1.0
Fighting       | 2 3 4 5 6 7 |  7.6
Invocations    | 1 3 4 |  4.0
Short Blades   | 1 2 |  2.8
Spellcasting   | 2 |  2.3
Evocations     | 4 |  4.0
Dodging        | 3 |  3.0

Action                   |  1- 3 |  4- 6 |  7- 9 || total
-------------------------+-------+-------+-------++-------
Melee: Club              |    62 |       |       ||    62
       Tailslap          |    13 |    20 |    12 ||    45
       Whip              |    79 |   210 |       ||   289
       Rapier            |       |    24 |    70 ||    94
Invok: Divine Shield     |       |       |     1 ||     1
 Abil: Breathe Dispellin |       |       |     1 ||     1
Evoke: Wand              |    14 |     9 |       ||    23
       Piece from Xom's  |     3 |    16 |     6 ||    25
  Use: Potion            |     3 |     2 |     2 ||     7
       Scroll            |     2 |     2 |       ||     4
 Stab: Sleeping          |     2 |       |       ||     2
Armor: Skin              |    53 |    76 |    18 ||   147
Dodge: Dodged            |    90 |   120 |    52 ||   262
Block: Other             |       |       |     2 ||     2
